 Dungeon Crawl Stone Soup version 0.20.1-1-g8b1a95d (webtiles) character file.

257 vishdafish the Shield-Bearer (level 5, 0/41 HPs)
             Began as a Demonspawn Fighter on July 3, 2017.
             Killed from afar by an orc wizard (11 damage)
             ... with a magic dart
             ... on level 4 of the Dungeon.
             The game lasted 00:04:20 (2946 turns).

vishdafish the Shield-Bearer (Demonspawn Fighter)   Turns: 2946, Time: 00:04:20

Health: 0/41       AC:  7    Str: 17    XL:     5   Next: 93%
Magic:  5/5        EV:  7    Int: 13    God:
Gold:   161        SH:  9    Dex: 12    Spells: 4/4 levels left

rFire    . . .     SeeInvis .   a - +0 trident
rCold    . . .     Gourm    .   c - +0 shield
rNeg     . . .     Faith    .   b - +0 scale mail
rPois    .         Spirit   .   (helmet restricted)
rElec    .         Reflect  .   (no cloak)
rCorr    .         Harm     .   (no gloves)
MR       .....                  (no boots)
Stlth    ..........             (no amulet)
Regen    0.2/turn               l - ring of loudness (curse)
MPRegen  0.1/turn               s - +3 ring of intelligence

@: lethally poisoned (0 -> -20), slowed, very slow
A: antennae 1, powered by death 2
a: no special abilities


You were on level 4 of the Dungeon.
You were very hungry.

You visited 1 branch of the dungeon, and saw 5 of its levels.

You collected 161 gold pieces.

Inventory:

Hand Weapons
 a - a +0 trident (weapon)
Armour
 b - a +0 scale mail (worn)
 c - a +0 shield (worn)
Jewellery
 l - a cursed ring of loudness (left hand)
 s - a +3 ring of intelligence (right hand)
Scrolls
 e - a scroll of blinking {unknown}
 g - 9 scrolls of identify {unknown}
 h - a scroll of random uselessness {unknown}
 j - 3 scrolls of fear {unknown}
 p - a scroll of recharging {unknown}
 r - a scroll of enchant weapon {unknown}
Potions
 d - a potion of might
 i - a potion of heal wounds {unknown}
 k - a potion of resistance {unknown}
 m - 2 potions of flight
 n - a potion of curing {unknown}
 o - 2 potions of degeneration {unknown}
Comestibles
 f - 2 bread rations
 q - 3 fruits


   Skills:
 + Level 3.6 Fighting
 * Level 3.3 Polearms
 + Level 3.7 Armour
 - Level 0.8 Dodging
 - Level 0.2 Stealth
 + Level 4.0 Shields


You had 4 spell levels left.
You didn't know any spells.

Dungeon Overview and Level Annotations

Branches:
Dungeon (5/15)
 Temple: D:4-7

Altars:


Innate Abilities, Weirdness & Mutations

You have a pair of small antennae on your head.
You regenerate health from kills.


Message History

The orc wizard hits you but does no damage.
You are more poisoned.
You hit the orc priest but do no damage.
The orc priest is almost dead.
You feel sick.
The orc wizard hits you but does no damage.
The orc priest begins to cast a cantrip, but forgets the words!
The orc wizard hits you but does no damage.
You are lethally poisoned!
The orc wizard barely misses you. You block the orc priest's attack.
You hit the orc priest but do no damage.
The orc priest is almost dead.
You feel very sick. The orc wizard hits you with a dagger.
* * * LOW HITPOINT WARNING * * *
The orc wizard mumbles some strange words.
The orc wizard seems to speed up.
The orc wizard casts a spell at you. The magic dart hits you!
You die...

#...#...#.....#...#
##'###..#.....#...#
#....#..#.....'...#
#....#..#.....#...#
#....'..#....(#...#
#....##'#.....#...#######
#.............#.........####
#.........ooo.#.........#...
#..........@..#.........#...
#..........>..#.........#...
..............#.........#...
...............#######'####..
...#########..............##..
#.............>'...
#..............#...
#..............#...
#..............#...


You could see an orc priest and 2 orc wizards.

Vanquished Creatures
  A phantom (D:4)
  Jessica (D:2)
  Robin (D:1)
  4 adders (D:3)
  A worm (D:3)
  A dart slug (D:1)
  3 leopard geckos
  13 orcs
  5 bats
  4 giant cockroaches
  16 goblins
  8 hobgoblins
  9 kobolds
  3 frilled lizards
  7 rats
77 creatures vanquished.

Vanquished Creatures (others)
  An adder (D:4)
  An orc (D:4)
  A jackal (D:4)
3 creatures vanquished.

Grand Total: 80 creatures vanquished

Notes
Turn   | Place    | Note
-------+----------+-------------------------------------------
     0 | D:1      | vishdafish the Demonspawn Fighter began the quest for the Orb.
     0 | D:1      | Reached XP level 1. HP: 18/18 MP: 1/1
    44 | D:1      | Reached skill level 3 in Shields
    44 | D:1      | Gained mutation: You regenerate a little health from kills. [demonic ancestry]
    44 | D:1      | Reached XP level 2. HP: 21/24 MP: 2/2
   613 | D:1      | Noticed a centaur
   722 | D:2      | Noticed Jessica
   732 | D:2      | Killed Jessica
   732 | D:2      | Gained mutation: You have a pair of small antennae on your head. [demonic ancestry]
   732 | D:2      | Reached XP level 3. HP: 29/29 MP: 3/3
   764 | D:2      | Noticed Robin
  1052 | D:1      | Killed Robin
  1052 | D:1      | Gained mutation: You regenerate health from kills. [demonic ancestry]
  1052 | D:1      | Reached XP level 4. HP: 13/35 MP: 4/4
  2164 | D:3      | Reached XP level 5. HP: 41/41 MP: 5/5
  2710 | D:4      | Noticed a phantom
  2723 | D:4      | Killed a phantom
  2762 | D:5      | Entered Level 5 of the Dungeon
  2767 | D:5      | Reached skill level 4 in Shields
  2946 | D:4      | Killed from afar by an orc wizard

Skill      XL: |  1  2  3  4  5 |
---------------+----------------+-----
Shields        | 3 4 |  4.0
Polearms       | 2 3 |  3.3
Armour         | 3 |  3.7
Fighting       | |  3.6
Dodging        | |  0.8
Stealth        | |  0.2

Action                   |  1- 3 |  4- 6 || total
-------------------------+-------+-------++-------
Melee: Trident           |   134 |   227 ||   361
  Use: Potion            |     1 |       ||     1
  Eat: Chunk             |       |     5 ||     5
       Fruit             |       |     1 ||     1
Armor: Scale mail        |    45 |    73 ||   118
Dodge: Dodged            |    39 |    44 ||    83
Block: Shield            |    61 |   102 ||   163
